 Dungeon Crawl Stone Soup version 0.30.0-30-g96aa6591b8 (webtiles) character file.

Game seed: 15136699222128900550

2211 AIAndy the Geomancer (level 9, -4/45 HPs)
             Began as a Gargoyle Earth Elementalist on June 28, 2023.
             Was a Follower of Ashenzari.
             Slain by Duvessa
             ... wielding a +3 vampiric short sword
              (14 damage)
             ... on level 5 of the Dungeon.
             The game lasted 00:20:26 (4460 turns).

AIAndy the Geomancer (Gargoyle Earth Elementalist)  Turns: 4460, Time: 00:20:27

Health: -4/45      AC: 13    Str: 13    XL:     9   Next: 35%
Magic:  20/24      EV: 12    Int: 19    God:    Ashenzari [*.....]
Gold:   209        SH:  0    Dex: 16    Spells: 22/30 levels left

rFire   . . .        n - +0 morningstar of the Eternal Mistrust {Melee, Elem} (curse)
rCold   . . .        (no shield)
rNeg    + . .        a - +0 robe
rPois   ∞            g - +0 helmet
rElec   +            t - +2 cloak of the Ruined Pleiades {rPois, Cun, Self} (curse)
rCorr   .            v - +0 pair of gloves
SInv    +            (no boots)
Will    .....        f - amulet of the acrobat
Stlth   ++           q - +6 ring of dexterity
HPRegen 0.27/turn    I - ring of see invisible
MPRegen 0.19/turn

%: acrobat
@: no status effects
A: sickness immunity, AC +6, negative energy resistance 1, electricity
resistance, torment resistance 1, petrification resistance
a: Renounce Religion, Shatter the Chains


You were on level 5 of the Dungeon.
You worshipped Ashenzari.
Ashenzari was aware of your devotion.
You visited 1 branch of the dungeon, and saw 5 of its levels.

You collected 258 gold pieces.
You spent 49 gold pieces at shops.

Inventory:

Hand Weapons
 n - the cursed +0 morningstar of the Eternal Mistrust (weapon) {Melee, Elem}
   (You found it on level 2 of the Dungeon)

   It has a curse which improves the following skills: Melee Combat: Short
   Blades, Long Blades, Axes, Maces & Flails, Polearms, Staves and Unarmed
   Combat.
   Elements:  Fire Magic, Ice Magic, Air Magic and Earth Magic.
 s - a +3 quarterstaff of chaos
 x - a +3 whip
 D - a +0 dagger of venom
 F - the +9 mace of Watchfulness {venom, rC- MP+9 Str+6 SInv}
   (You found it on level 4 of the Dungeon)

   Str:       It affects your strength (+6).
   rC:        It makes you vulnerable to cold.
   MP:        It affects your magic capacity (+9).
   SInv:      It lets you see invisible.
Armour
 a - a +0 robe (worn)
 g - a +0 helmet (worn)
 t - the cursed +2 cloak of the Ruined Pleiades (worn) {rPois, Cun, Self}
   (You took it off Crazy Yiuf on level 2 of the Dungeon)

   It has a curse which improves the following skills: Cunning: Dodging and
   Stealth.
   Introspection: Fighting and Spellcasting.
 v - a +0 pair of gloves (worn)
 y - a +0 robe
Jewellery
 f - an amulet of the acrobat (around neck)
 k - an amulet of guardian spirit
 q - a +6 ring of dexterity (left hand)
 G - a ring of resist corrosion
 I - a ring of see invisible (right hand)
Wands
 z - a wand of quicksilver (8)
 A - a wand of roots (14)
 C - a wand of paralysis (13)
Scrolls
 c - a scroll of immolation
 d - 2 scrolls of enchant armour
 h - 3 scrolls of identify
 i - 3 scrolls of magic mapping
 j - a scroll of fog
 o - a scroll of fear
 r - 5 scrolls of teleportation
 B - 2 scrolls of enchant weapon
 J - a scroll of poison
Potions
 b - a potion of magic
 e - a potion of experience
 l - 2 potions of lignification
 m - a potion of attraction
 p - 2 potions of heal wounds
 u - a potion of brilliance
 w - a potion of resistance
 E - a potion of flight
 H - a potion of might
 K - a potion of mutation


   Skills:
 - Level 1.7(2.3) Dodging
 - Level 2.3(3.0) Stealth
 + Level 10.3(11.1) Spellcasting
 - Level 1.0 Transmutations
 + Level 13.4(14.2) Earth Magic


You had 22 spell levels left.
You knew the following spells:

 Your Spells              Type           Power      Damage    Failure   Level
a - Sandblast             Erth           100%       2d20      1%          1
b - Stone Arrow           Conj/Erth      74%        3d11      1%          3
c - Petrify               Tmut/Erth      39%        N/A       3%          4

Your spell library contained the following spells:

 Spells                   Type           Power      Damage    Failure   Level
 Passwall                 Tmut/Erth      32%        N/A       1%          2
 Sting                    Tmut/Pois      48%        1d5       5%          1
 Necrotise                Necr           40%        1d6       7%          1
 Lesser Beckoning         Tloc           20%        N/A       10%         2
 Poisonous Vapours        Pois/Air       20%        N/A       10%         2
 Frozen Ramparts          Ice            20%        1d4       19%         3
 Gell's Gravitas          Tloc           10%        N/A       21%         3
 Teleport Other           Tloc           10%        N/A       21%         3
 Vampiric Draining        Necr           10%        2d6       21%         3
 Ice Form                 Ice/Tmut       12%        N/A       47%         4
 Olgreb's Toxic Radiance  Pois           10%        N/A       54%         4
 Summon Ice Beast         Ice/Summ       10%        N/A       54%         4
 Agony                    Necr           10%        N/A       88%         5


Dungeon Overview and Level Annotations

Branches:
Dungeon (5/15)             Temple (0/1) D:5

Altars:
Ashenzari
Nemelex Xobeh
Qazlal
Trog
Yredelemnul

Shops:
D:3 [

Annotations:
D:5 Duvessa


Innate Abilities, Weirdness & Mutations

You are immune to sickness and miasma.
Your stone body is resilient. (AC +6)
You are immune to poison.
You resist negative energy. (rN+)
You are resistant to electric shocks. (rElec)
You are resistant to unholy torment.
You are immune to petrification.


Message History

Duvessa goes berserk!
Casting: Sandblast (safe; 1% risk of failure)
Confirm with . or Enter, or press ? or * to list all spells.
Aiming: Sandblast (safe; 1% risk of failure)
Press: ? - help, Shift-Dir - straight line, f - Duvessa
Aim: Duvessa, wielding a +3 vampiric short sword and wearing a +0 leather armour (berserk, 87% to hit)
The blast of sand hits Duvessa!
Duvessa is moderately wounded.
Duvessa hits you with a +3 vampiric short sword. x2
Casting: Sandblast (safe; 1% risk of failure)
Confirm with . or Enter, or press ? or * to list all spells.
Aiming: Sandblast (safe; 1% risk of failure)
Press: ? - help, Shift-Dir - straight line, f/p - Duvessa
Aim: Duvessa, wielding a +3 vampiric short sword and wearing a +0 leather armour (moderately wounded, berserk, 87% to hit)
The blast of sand hits Duvessa!!
Duvessa is severely wounded.
Duvessa hits you but does no damage.
Duvessa hits you with a +3 vampiric short sword!!
An adder comes into view.
The adder hisses angrily.
Casting: Sandblast (safe; 1% risk of failure)
Confirm with . or Enter, or press ? or * to list all spells.
Aiming: Sandblast (safe; 1% risk of failure)
Press: ? - help, Shift-Dir - straight line, f/p - Duvessa
Aim: Duvessa, wielding a +3 vampiric short sword and wearing a +0 leather armour (severely wounded, berserk, 87% to hit)
The blast of sand hits Duvessa!
Duvessa is almost dead.
Duvessa hits you with a +3 vampiric short sword!
* * * LOW HITPOINT WARNING * * *
Duvessa barely misses you.
Casting: Sandblast (safe; 1% risk of failure)
Confirm with . or Enter, or press ? or * to list all spells.
Aiming: Sandblast (safe; 1% risk of failure)
Press: ? - help, Shift-Dir - straight line, f/p - Duvessa
Aim: Duvessa, wielding a +3 vampiric short sword and wearing a +0 leather armour (almost dead, berserk, 87% to hit)
The blast of sand hits Duvessa.
Duvessa is almost dead.
Duvessa hits you but does no damage.
Duvessa hits you with a +3 vampiric short sword!
You die...

##...###'###...# .# .#.
#...#.....#.... ....#.
#...#.⌠.⌠.#.... .....
#...+..>..'....
#.#.####...#.⌠.⌠.#....
..........#.....##...
#).......###+####...
#.e#.....#..>...+...
#.S@.....##'#####...
..#..................#
......................#
.......................#
.......................#
......................†#
............########....
............# #....
...........# #....


You could see Duvessa (berserk) and an adder.

Vanquished Creatures
  Grinder (D:4)
  Eustachio (D:4)
  2 ice beasts (D:5)
  A black bear (D:4)
  A phantom (D:5)
  3 scorpions
  Dowan (D:5)
  Crazy Yiuf (D:2)
  An orc priest (D:3)
  A gnoll bouda (D:4)
  A hound (D:5)
  A sleepcap (D:4)
  3 iguanas
  7 adders
  4 worms
  6 orcs
  7 bats
  5 endoplasms
  3 giant cockroaches
  7 goblins
  7 hobgoblins
  5 jackals (D:4)
  6 kobolds
  6 quokkas
  5 ball pythons
  4 frilled lizards
  10 rats
100 creatures vanquished.

Notes
Turn   | Place    | Note
-------+----------+-------------------------------------------
     0 | D:1      | AIAndy the Gargoyle Earth Elementalist began the quest for
                  | the Orb.
     0 | D:1      | Reached XP level 1. HP: 10/10 MP: 3/3
   332 | D:1      | Reached skill level 1 in Transmutations
   332 | D:1      | Reached XP level 2. HP: 15/15 MP: 3/5
   646 | D:1      | Reached skill level 4 in Earth Magic
   875 | D:1      | Found a faded altar of an unknown god.
   888 | D:1      | Prayed at the altar of an unknown god.
   888 | D:1      | Became a worshipper of Ashenzari the Shackled
  1246 | D:2      | Reached XP level 3. HP: 13/19 MP: 0/6
  1448 | D:2      | Learned a level 3 spell: Stone Arrow
  1627 | D:2      | Reached XP level 4. HP: 24/24 MP: 3/8
  2118 | D:2      | Found a runed translucent door.
  2119 | D:2      | Noticed Crazy Yiuf
  2158 | D:2      | Killed Crazy Yiuf
  2159 | D:2      | Reached skill level 5 in Earth Magic
  2305 | D:3      | Reached XP level 5. HP: 17/28 MP: 5/10
  2567 | D:3      | Found Javypih's Armour Shop.
  2574 | D:3      | Bought a +0 pair of gloves for 49 gold pieces
  2654 | D:3      | Found a sparkling altar of Nemelex Xobeh.
  2654 | D:3      | Found a bloodstained altar of Trog.
  3064 | D:4      | Found a basalt altar of Yredelemnul.
  3064 | D:4      | Found a broken altar of Ashenzari.
  3086 | D:4      | Noticed a black bear
  3093 | D:4      | HP: 1/28 [black bear (4)]
  3094 | D:4      | Killed a black bear
  3095 | D:4      | Reached skill level 6 in Earth Magic
  3095 | D:4      | Reached XP level 6. HP: 1/32 MP: 5/12
  3501 | D:4      | Identified the +9 mace of Watchfulness {venom, rC- MP+9
                  | Str+6 SInv}
  3558 | D:4      | Noticed Grinder
  3562 | D:4      | Paralysed by Grinder for 2 turns
  3565 | D:4      | Killed Grinder
  3566 | D:4      | Reached skill level 5 in Spellcasting
  3566 | D:4      | Reached skill level 7 in Earth Magic
  3566 | D:4      | Reached XP level 7. HP: 36/36 MP: 9/14
  3767 | D:4      | Noticed Eustachio
  3781 | D:4      | Killed Eustachio
  3976 | D:4      | Reached skill level 8 in Earth Magic
  4017 | D:5      | Entered Level 5 of the Dungeon
  4029 | D:5      | Found a staircase to the Ecumenical Temple.
  4047 | D:5      | Reached XP level 8. HP: 25/41 MP: 10/16
  4123 | D:5      | Found a stormy altar of Qazlal.
  4300 | D:5      | Reached * piety under Ashenzari
  4301 | D:5      | Reached skill level 10 in Spellcasting
  4301 | D:5      | Reached skill level 13 in Earth Magic
  4301 | D:5      | Reached XP level 9. HP: 45/45 MP: 16/24
  4307 | D:5      | Learned a level 4 spell: Petrify
  4451 | D:5      | Noticed Dowan
  4453 | D:5      | Noticed Duvessa
  4456 | D:5      | Killed Dowan
  4460 | D:5      | Slain by Duvessa

Illustrated notes

Levels and vault maps discovered:
D:1:      ldierk_walled_garden_2, layout_basic, ebering_ecumenical_altar_webs,
          grunt_decor_resistance
D:2:      layout_basic, uniq_crazy_yiuf_cottage
D:3:      layout_loops_ring, chequers_temple_overflow_statue_of_worship,
          serial_shops, nicolae_shop_temple_entry_statues_fountains
D:4:      layout_basic, grunt_temple_overflow_open, minmay_ruptured,
          uniq_eustachio, uniq_grinder
D:5:      layout_gridville, old_standard_altar, okawaru_gym_becter,
          minmay_temple_entry_hall, minivault_19,
          hangedman_abyss_or_decor_passed, nicolae_wormholes, uniq_duvessa

Skill      XL: |  1  2  3  4  5  6  7  8 |
---------------+-------------------------+-----
Transmutations | 1 |  1.0
Earth Magic    | 4 5 6 7 8 13 | 13.4
Spellcasting   | 3 4 5 10 | 10.3
Dodging        | |  1.7
Stealth        | |  2.3

Action                     |  1- 3 |  4- 6 |  7- 9 || total
---------------------------+-------+-------+-------++-------
   Cast: Sandblast         |    47 |    80 |    47 ||   174
 Invoke: Curse Item        |     1 |       |     1 ||     2
  Evoke: Wand              |       |       |     1 ||     1
    Use: Potion            |       |       |     1 ||     1
 Armour: Robe              |     7 |    20 |     3 ||    30
  Dodge: Dodged            |    20 |    17 |     5 ||    42
